Map: King's Cove LE

Players

ViBE - Winner!

  • Race: Zerg Zerg
  • League: Grandmaster
  • Spawn Location: 5:00

RockEr

  • Race: Protoss Protoss
  • League: Master
  • Spawn Location: 11:00

VOD

Have the link to the VOD?

Description

Time

  • Played on: June 9, 2019, 11:53 p.m.
  • Length: 14:02
Show
View Real Time Build Order
Export as new Build Order

ViBE Zerg - Winner!

Build Orders: Hatch First, Brood Lord Corruptor 

Get SALT Encoding   

  12  0:01  Drone  
  13  0:14  Overlord  
  13  0:19  Drone  
  14  0:33  Drone  
  14  0:34  Drone  
  16  0:58  Hatchery  
  16  1:01  Drone x3  
  18  1:16  Spawning Pool  
  18  1:18  Drone  
  18  1:29  Drone  
  19  1:37  Drone  
  20  1:44  Drone, Extractor  
  21  2:06  Drone  
  21  2:07  Hatchery  
  21  2:09  Queen  
  21  2:13  Queen  
  26  2:22  Drone  
  26  2:23  Drone  
  26  2:24  Overlord  
  27  2:32  Drone  
  28  2:48  Drone  
  28  2:50  Queen x2  
  33  2:57  Drone x3  
  36  3:02  Overlord  
  36  3:10  Extractor  
  36  3:11  Drone  
  36  3:12  Drone, Extractor  
  36  3:21  Drone x3  
  36  3:22  Drone  
  36  3:23  Drone x3  
  43  3:33  Zergling x8  
  47  3:43  Drone x3  
  47  3:47  Spore Crawler  
  49  3:52  Drone x2  
  49  3:54  Spore Crawler  
  48  3:56  Spore Crawler  
  48  4:02  Drone  
  48  4:09  Overlord, Drone  
  49  4:10  Overlord, Lair  
  49  4:20  Overlord  
  49  4:21  Overlord  
  49  4:35  Drone x8  
  57  4:41  Extractor  
  57  4:42  Extractor  
  55  4:49  Drone x9  
  64  4:57  Drone x2  
  64  4:58  Spore Crawler  
  64  4:59  Spore Crawler  
  64  5:02  Drone x2, Spore Crawler  
  65  5:11  Hydralisk Den  
  64  5:16  Hatchery  
  64  5:17  Drone  
  64  5:18  Drone x3  
  67  5:24  Drone x6  
  73  5:34  Drone  
  74  5:37  Overlord x2  
  74  5:38  Drone, Extractor x2  
  74  5:39  Drone x4  
  73  5:50  Spore Crawler  
  73  5:53  Drone x3  
  76  6:01  Grooved Spines, Infestation Pit  
  76  6:02  Drone  
  76  6:03  Drone x3  
  79  6:05  Evolution Chamber  
  79  6:08  Hydralisk x5  
  88  6:15  Overlord x2  
  88  6:18  Hydralisk  
  90  6:32  Hydralisk x7  
  92  6:36  Zerg Missile Weapons Level 1, Metabolic Boost  
  104  6:40  Pathogen Glands  
  104  6:42  Overlord  
  104  6:56  Overlord x2  
  104  6:58  Drone  
  104  6:59  Drone x7  
  112  7:02  Hive  
  112  7:06  Spire  
  111  7:09  Infestor  
  111  7:12  Infestor, Muscular Augments  
  115  7:28  Drone x5  
  115  7:29  Drone x6  
  126  7:31  Spore Crawler, Extractor  
  126  7:32  Spore Crawler  
  126  7:33  Drone x3, Extractor  
  126  7:34  Drone x2  
  126  7:35  Drone  
  128  7:40  Infestor x2  
  128  7:41  Hydralisk  
  128  7:42  Hydralisk  
  136  7:50  Overseer x2  
  136  8:00  Overlord x3  
  136  8:10  Hatchery  
  135  8:18  Adrenal Glands, Hydralisk, Greater Spire  
  135  8:19  Hydralisk x6  
  149  8:21  Overlord x3  
  149  8:22  Overlord  
  148  8:48  Corruptor  
  148  8:49  Corruptor x5  
  148  8:50  Zergling x6  
  148  8:51  Zergling x20  
  173  9:30  Zerg Melee Weapons Level 1  
  173  9:31  Zerg Flyer Armor Level 1, Brood Lord x4  
  173  9:37  Overlord x3  
  181  9:40  Spine Crawler  
  181  9:42  Spine Crawler  
  181  9:43  Spine Crawler  
  181  9:44  Drone, Spine Crawler  
  181  9:45  Drone, Spine Crawler  
  178  9:46  Spine Crawler, Extractor  
  178  9:48  Spine Crawler  
  178  9:50  Extractor  
  174  9:54  Drone x12  
  174  9:56  Drone, Spine Crawler x2  
  174  9:57  Drone, Spine Crawler  
  174  9:58  Spore Crawler  
  174  9:59  Spine Crawler  
  183  10:01  Spine Crawler  
  183  10:02  Brood Lord, Spine Crawler x2  
  183  10:04  Spine Crawler  
  181  10:12  Brood Lord  
  183  10:20  Neural Parasite  
  183  10:21  Corruptor  
  183  10:23  Infestor x4  
  193  10:48  Corruptor  
  193  10:49  Corruptor x2  
  188  10:59  Pneumatized Carapace  
  188  11:00  Burrow  
  188  11:01  Overseer x3  
  180  11:45  Corruptor x10  
  200  12:19  Nydus Network  
  199  12:35  Hatchery  
  198  12:46  Spore Crawler, Spine Crawler  
  174  13:16  Corruptor x2  
  174  13:17  Corruptor x14  
  194  13:28  Zergling x12  
Show
View Real Time Build Order
Export as new Build Order

RockEr Protoss 

Build Orders: Oracle Opening, Carriers 

Get SALT Encoding   

  13  0:07  Probe  
  13  0:19  Probe  
  14  0:24  Pylon  
  14  0:31  Probe  
  15  0:39  Probe  
  15  0:47  Probe  
  17  0:57  Probe  
  17  0:59  Gateway  
  18  1:04  Assimilator  
  18  1:06  Probe  
  19  1:14  Probe  
  20  1:18  Pylon  
  20  1:24  Probe  
  21  1:36  Probe  
  22  1:48  Probe, Nexus  
  23  2:01  Cybernetics Core  
  23  2:02  Probe  
  24  2:12  Assimilator  
  24  2:14  Probe  
  25  2:26  Probe  
  25  2:27  Gateway  
  26  2:35  Pylon  
  26  2:38  Probe  
  26  2:39  Warp Gate  
  26  2:41  Adept  
  27  2:48  Stargate  
  29  2:55  Probe  
  30  3:00  Probe  
  31  3:07  Probe  
  31  3:08  Probe  
  33  3:18  Probe  
  33  3:19  Probe  
  34  3:21  Oracle  
  35  3:28  Assimilator  
  35  3:30  Probe  
  39  3:49  Oracle  
  39  4:00  Probe x2  
  42  4:02  Nexus  
  42  4:04  Pylon  
  42  4:14  Probe x2  
  43  4:17  Pylon  
  43  4:22  Robotics Facility  
  43  4:24  Twilight Council  
  46  4:38  Oracle  
  46  4:42  Gateway  
  46  4:44  Gateway, Probe  
  46  4:46  Pylon  
  46  4:47  Probe  
  46  4:52  Probe  
  48  4:53  Adept  
  48  4:55  Sentry  
  53  5:00  Probe  
  53  5:02  Probe  
  53  5:04  Charge  
  55  5:09  Assimilator  
  55  5:10  Probe  
  55  5:13  Probe  
  57  5:18  Phoenix, Probe x2  
  59  5:25  Probe  
  59  5:26  Probe x2  
  62  5:29  Pylon  
  64  5:36  Immortal  
  65  5:57  Templar Archives  
  65  5:59  Gateway  
  65  6:00  Probe  
  65  6:01  Gateway  
  65  6:03  Gateway  
  66  6:06  Forge  
  66  6:09  Gateway  
  66  6:13  Probe  
  66  6:14  Sentry  
  66  6:15  Sentry, Stalker  
  66  6:16  Probe  
  66  6:17  Probe  
  75  6:21  Probe  
  75  6:24  Robotics Facility  
  76  6:26  Immortal  
  76  6:28  Probe  
  76  6:29  Probe  
  76  6:31  Probe, Pylon  
  83  6:41  Probe  
  83  6:43  Probe x2  
  83  6:44  Protoss Ground Weapons Level 1  
  86  6:50  Assimilator  
  86  6:52  Assimilator  
  86  6:53  Probe  
  87  6:55  Probe x2  
  87  6:59  Forge  
  89  7:02  Photon Cannon  
  89  7:05  Probe  
  89  7:06  Pylon  
  89  7:07  Probe x2  
  92  7:16  Psionic Storm  
  92  7:17  Probe  
  92  7:18  High Templar  
  95  7:23  Photon Cannon  
  95  7:27  Pylon  
  95  7:32  Photon Cannon, Protoss Ground Armor Level 1  
  95  7:33  Photon Cannon  
  95  7:34  Immortal  
  95  7:35  High Templar  
  97  7:39  Zealot  
  97  7:42  Probe x2  
  105  7:52  Immortal  
  105  7:54  Nexus  
  105  7:55  Pylon, Probe x3  
  108  8:01  Blink  
  109  8:16  Probe  
  109  8:17  Photon Cannon  
  109  8:18  Photon Cannon  
  110  8:20  Shield Battery x2  
  110  8:22  Pylon  
  110  8:25  High Templar x3  
  116  8:32  Probe x3  
  119  8:35  Pylon  
  119  8:38  Pylon  
  119  8:44  Protoss Ground Weapons Level 2, Fleet Beacon  
  119  8:47  Assimilator  
  119  8:50  Assimilator, Probe x3  
  122  8:56  Stargate  
  122  9:04  Stargate  
  122  9:16  Protoss Air Weapons Level 1  
  122  9:21  Probe x2  
  122  9:24  Photon Cannon, Observer x2  
  124  9:26  Photon Cannon  
  124  9:27  Photon Cannon  
  124  9:29  Stargate, Photon Cannon  
  124  9:31  Stargate, Pylon  
  126  9:32  Photon Cannon  
  126  9:35  Cybernetics Core  
  126  9:39  Pylon  
  126  9:40  Protoss Shields Level 1  
  126  9:41  Probe x3  
  126  9:42  Probe  
  126  9:45  Carrier  
  130  9:53  Carrier  
  130  9:54  Nexus  
  142  10:17  Carrier  
  142  10:21  Stalker x4  
  150  10:22  Stalker  
  148  10:49  Carrier  
  150  10:58  Carrier  
  153  11:04  Stalker x3  
  153  11:05  Stalker x2  
  157  11:16  Carrier  
  152  11:20  Carrier  
  137  11:44  Stalker x5  
  137  11:45  Stalker x2, Zealot  
  141  11:59  Pylon  
  141  12:01  Pylon  
  141  12:04  Pylon  
  141  12:05  Pylon x2  
  141  12:10  Pylon  
  141  12:19  Carrier  
  147  12:25  Carrier  
  147  12:26  Zealot x3  
  147  12:27  Zealot x3  
  147  12:28  Zealot x2  
  169  12:49  Carrier  
Tags
 
Add a new tag
Caveats
  • Supply blocks, unpowered buildings, or Contaminate may cause inaccurate times.
  • Supply counts are checked every 10 seconds.